[Event "Titled Tuesday Blitz April 19 Late 2022"]
[White "Bongo Akanga Ndjila, Barthelemy"]
[Black "Romero Ruscalleda, Josep"]
[WhiteFideId "10609431"]
[BlackFideId "2231859"]
[WhiteElo "1768"]
[BlackElo "2292"]
[Result "0-1"]
[Round "07"]
[TimeControl "180+1"]
[Date "2022.04.19"]
[WhiteClock "0:00:52"]
[BlackClock "0:01:22"]

1. d4 g6 2. c4 Bg7 3. Nc3 d6 4. e4 e5 5. d5 Ne7 6. Be2 O-O 7. Nf3 f5 8. O-O f4 9. Nh4 g5 10. Nf5 Nxf5 11. exf5 Bxf5 12. f3 Nd7 13. Bd3 Bxd3 14. Qxd3 Nc5 15. Qc2 a5 16. Ne4 Nxe4 17. Qxe4 Qf6 18. Bd2 b6 19. b3 h5 20. Bc3 g4 21. Rae1 Qg5 22. Kh1 Rf6 23. fxg4 hxg4 24. Bd2 Qh4 25. Re2 Raf8 26. Be1 Qh5 27. g3 fxg3 28. Rxf6 Rxf6 29. Bxg3 Rf1+ 0-1


[Site "https://www.chess.com"]

[Event "Titled Tuesday Blitz April 19 Late 2022"]
[White "Bortnyk, Olexandr"]
[Black "Sjugirov, Sanan"]
[WhiteFideId "14120828"]
[BlackFideId "4189302"]
[WhiteElo "2723"]
[BlackElo "2602"]
[Result "0-1"]
[Round "07"]
[TimeControl "180+1"]
[Date "2022.04.19"]
[WhiteClock "0:00:02"]
[BlackClock "0:00:12"]

1. d4 Nf6 2. Nc3 d5 3. Bf4 c6 4. e3 Bf5 5. Nf3 e6 6. Ne5 h6 7. g4 Bh7 8. h4 Nfd7 9. Bd3 Nxe5 10. Bxe5 Bxd3 11. Qxd3 Nd7 12. Bg3 h5 13. g5 g6 14. e4 Be7 15. exd5 cxd5 16. Nb5 O-O 17. O-O Qb6 18. b3 a6 19. Nc3 Rac8 20. Ne2 Rfd8 21. c4 dxc4 22. bxc4 Qc6 23. Rac1 Qa4 24. Nf4 Nf8 25. d5 Bd6 26. Ne2 exd5 27. cxd5 Rxc1 28. Rxc1 Bxg3 29. fxg3 Qxa2 30. Nc3 Qa3 31. Rf1 Nd7 32. Kg2 Rc8 33. Qf3 Ne5 34. Qf6 Qxc3 35. Rf2 Qd4 36. Kh3 Qxd5 37. Rg2 Qd7+ 38. g4 Rc3+ 39. Kh2 Nf3+ 40. Kg3 Nd4+ 41. Kh2 hxg4 42. Qf4 Nf3+ 43. Kg3 Nxg5+ 44. Kf2 Nh3+ 0-1


[Site "https://www.chess.com"]

[Event "Titled Tuesday Blitz April 19 Late 2022"]
[White "Bryakin, Mikhail"]
[Black "Salem, A.R. Saleh"]
[WhiteFideId "4165314"]
[BlackFideId "9301348"]
[WhiteElo "2417"]
[BlackElo "2657"]
[Result "1/2-1/2"]
[Round "07"]
[TimeControl "180+1"]
[Date "2022.04.19"]
[WhiteClock "0:00:42"]
[BlackClock "0:00:06"]

1. e4 c5 2. c3 Nf6 3. e5 Nd5 4. d4 cxd4 5. Nf3 d6 6. cxd4 dxe5 7. dxe5 e6 8. Nc3 Bb4 9. Bd2 Nxc3 10. Bxc3 Bxc3+ 11. bxc3 Qc7 12. Qa4+ Nd7 13. Qd4 O-O 14. Be2 b6 15. O-O Bb7 16. Rfd1 Rfd8 17. Qf4 h6 18. Rd4 Nf8 19. Rad1 Rac8 20. Rxd8 Rxd8 21. Rxd8 Qxd8 22. Qd4 Qc7 23. Nd2 Ng6 24. f4 Nh4 25. Nf3 Nf5 26. Qc4 Qxc4 27. Bxc4 Bxf3 28. gxf3 Kf8 29. Kf2 Ke8 30. Bd3 Ne7 31. Be4 Kd7 32. Ke3 g6 33. Kd4 Kc7 34. Kc4 Nc6 35. Kb5 Nb8 36. Kb4 Nd7 37. Kb5 Nc5 38. Kb4 a6 39. a3 Nd7 40. Kc4 Nc5 41. Kb4 g5 42. fxg5 hxg5 43. Kc4 Nxe4 44. fxe4 Kc6 45. a4 Kc7 46. h3 Kc6 47. Kb4 Kc7 48. Kc4 Kb7 49. Kb4 Kc6 50. c4 a5+ 51. Kb3 Kd7 52. Kc3 Kc7 53. Kd4 Kc6 54. Kd3 Kc5 55. Kc3 Kc6 56. Kd4 Kd7 57. c5 Kc6 58. cxb6 Kxb6 59. Kc4 Kc6 60. Kd3 Kb6 61. Kd4 Kc6 62. Kc4 Kb6 63. Kd4 Kc6 64. Kc4 Kb6 65. Kd4 1/2-1/2


[Site "https://www.chess.com"]

[Event "Titled Tuesday Blitz April 19 Late 2022"]
[White "Burke, Paul"]
[Black "Ricaurte Lopez, Juan Carlos"]
[WhiteFideId "2605767"]
[BlackFideId "3600327"]
[WhiteElo "1879"]
[BlackElo "2209"]
[Result "0-1"]
[Round "07"]
[TimeControl "180+1"]
[Date "2022.04.19"]
[WhiteClock "0:00:50"]
[BlackClock "0:01:08"]

1. e4 e5 2. Nf3 Nc6 3. Bc4 Nf6 4. d4 exd4 5. O-O d6 6. c3 d3 7. Bxd3 Be7 8. Bc4 O-O 9. Ng5 h6 10. Nxf7 Rxf7 11. Bxf7+ Kxf7 12. f4 Kg8 13. h3 Be6 14. Nd2 Qd7 15. Qf3 Rf8 16. g4 Nxg4 17. hxg4 Bxg4 18. Qg3 h5 19. f5 d5 20. Nb3 dxe4 21. Bf4 Qxf5 22. Bxc7 Bf3 23. Nd4 Nxd4 24. cxd4 h4 25. Qh2 Qg4+ 26. Kf2 Bg2+ 27. Ke1 Bb4# 0-1


[Site "https://www.chess.com"]

[Event "Titled Tuesday Blitz April 19 Late 2022"]
[White "Carrasco Miranda, Andres"]
[Black "Yang, Cayden"]
[WhiteFideId "3405990"]
[BlackFideId "30967260"]
[WhiteElo "2177"]
[BlackElo "2470"]
[Result "0-1"]
[Round "07"]
[TimeControl "180+1"]
[Date "2022.04.19"]
[WhiteClock "0:00:06"]
[BlackClock "0:00:09"]

1. d4 Nf6 2. c4 g6 3. g3 Bg7 4. Bg2 O-O 5. Nc3 c5 6. Nf3 d6 7. O-O Nc6 8. dxc5 dxc5 9. Be3 Qa5 10. Qb3 Ng4 11. Bd2 Qa6 12. h3 Nge5 13. Nxe5 Nxe5 14. Nb5 Rb8 15. Bf4 Be6 16. Rac1 Rbd8 17. Nc7 Bxc4 18. Nxa6 Bxb3 19. axb3 bxa6 20. Rxc5 f6 21. Bxe5 fxe5 22. Rc7 Rd2 23. Rxe7 Rxe2 24. Rxa7 Rxb2 25. Rxa6 e4 26. Bxe4 Bd4 27. Bd5+ Kh8 28. Ra8 Rxf2 29. Rxf8+ Rxf8+ 30. Kg2 Rd8 31. Bc4 Bg7 32. h4 h6 33. Rf7 Rf8 34. Rb7 Bd4 35. Bd3 Rf6 36. b4 g5 37. h5 g4 38. Bg6 Rf2+ 39. Kh1 Rf1+ 40. Kg2 Rf2+ 41. Kh1 Be5 42. Rh7+ Kg8 43. b5 Bxg3 44. b6 Rb2 45. b7 Bf4 46. Rf7 Be5 47. Rd7 g3 48. Bf7+ Kh8 49. Bd5 Bd4 50. Rd8+ Kg7 51. b8=Q Rh2# 0-1


[Site "https://www.chess.com"]

[Event "Titled Tuesday Blitz April 19 Late 2022"]
[White "D`Arruda, Ricardo D."]
[Black "Rytenko, Vsevolod"]
[WhiteFideId "100692"]
[BlackFideId "14133040"]
[WhiteElo "2453"]
[BlackElo "2120"]
[Result "0-1"]
[Round "07"]
[TimeControl "180+1"]
[Date "2022.04.19"]
[WhiteClock "0:01:55"]
[BlackClock "0:02:16"]

1. d4 d5 2. Nf3 c6 3. e3 Nf6 4. c4 a6 5. b3 Bg4 6. Nbd2 b5 7. Be2 Nbd7 8. O-O e6 9. Bb2 Bd6 10. Qc2 O-O 11. h3 Bf5 12. Bd3 Bxd3 13. Qxd3 Qe7 14. Rfe1 Rab8 15. Rab1 Ba3 16. Bxa3 Qxa3 17. c5 Rfd8 18. e4 Nxc5 19. Qc3 Ncxe4 20. Qxc6 Rdc8 0-1


[Site "https://www.chess.com"]

[Event "Titled Tuesday Blitz April 19 Late 2022"]
[White "Dauner, Benedikt"]
[Black "Hambleton, Aman"]
[WhiteFideId "16225899"]
[BlackFideId "2606577"]
[WhiteElo "2230"]
[BlackElo "2552"]
[Result "1-0"]
[Round "07"]
[TimeControl "180+1"]
[Date "2022.04.19"]
[WhiteClock "0:00:14"]
[BlackClock "0:00:02"]

1. d4 e5 2. dxe5 Nc6 3. e4 Nxe5 4. Nf3 Nxf3+ 5. gxf3 Bc5 6. Nc3 Qh4 7. Qe2 Ne7 8. Nb5 Bb6 9. Be3 Ba5+ 10. Bd2 Bb6 11. Be3 Ba5+ 12. c3 a6 13. Nd4 d5 14. Rg1 Qf6 15. O-O-O h6 16. exd5 O-O 17. Qd2 Kh7 18. Bd3+ Kh8 19. Be4 Bd7 20. Rg3 Rad8 21. Rdg1 Rg8 22. h4 c6 23. Bg5 Qd6 24. Bxe7 Qxe7 25. Rxg7 Qf6 26. Rh7# 1-0


[Site "https://www.chess.com"]

[Event "Titled Tuesday Blitz April 19 Late 2022"]
[White "Dilmukhametov, Artur"]
[Black "Schekachikhin, Maksim"]
[WhiteFideId "24179922"]
[BlackFideId "24177830"]
[WhiteElo "2244"]
[BlackElo "2230"]
[Result "0-1"]
[Round "07"]
[TimeControl "180+1"]
[Date "2022.04.19"]
[WhiteClock "0:00:19"]
[BlackClock "0:00:49"]

1. d4 c5 2. d5 g6 3. Nc3 Bg7 4. e4 e6 5. Nf3 exd5 6. exd5 d6 7. Be2 Nf6 8. O-O O-O 9. Nd2 Re8 10. a4 Nbd7 11. Nc4 Ne5 12. Na3 Bf5 13. Bf4 Ne4 14. Nxe4 Bxe4 15. c3 a6 16. Re1 Qf6 17. Bg3 h5 18. Bf1 Bf5 19. Qd2 h4 20. Bf4 Bd7 21. Bg5 Qf5 22. h3 Bf6 23. Bxf6 Qxf6 24. Nc4 Nxc4 25. Bxc4 b5 26. axb5 axb5 27. Bf1 Kg7 28. Qd1 b4 29. Rxe8 Rxa1 30. Qxa1 Bxe8 31. Qa8 bxc3 32. bxc3 Bd7 33. c4 Bf5 34. Qa3 Qd4 35. Qe3 Qxe3 36. fxe3 Kf6 37. Kf2 Ke5 38. Kf3 g5 39. Kf2 Bc2 40. Be2 f5 41. Bf1 Ke4 42. Be2 Bd3 43. Bf3+ Ke5 44. Be2 Bxe2 45. Kxe2 Ke4 46. Kd2 g4 47. Ke2 gxh3 48. gxh3 f4 49. exf4 Kxf4 50. Kf2 Ke4 51. Ke2 Kd4 52. Kf3 Kxc4 53. Kg4 Kxd5 54. Kxh4 Ke6 55. Kg5 Kf7 0-1


[Site "https://www.chess.com"]

[Event "Titled Tuesday Blitz April 19 Late 2022"]
[White "Djokic, Mihailo"]
[Black "Petrovskyi, Vadym"]
[WhiteFideId "976440"]
[BlackFideId "14165210"]
[WhiteElo "2202"]
[BlackElo "2400"]
[Result "0-1"]
[Round "07"]
[TimeControl "180+1"]
[Date "2022.04.19"]
[WhiteClock "0:00:03"]
[BlackClock "0:00:38"]

1. e4 c5 2. Nf3 d6 3. d4 cxd4 4. Nxd4 Nf6 5. Nc3 a6 6. Rg1 e5 7. Nb3 b5 8. g4 Bb7 9. f3 Nfd7 10. Be3 Nb6 11. Na5 Bc8 12. a4 b4 13. Nd5 N6d7 14. Nc4 Nc6 15. a5 Rb8 16. Qd2 Nc5 17. Ncb6 Nxa5 18. Rxa5 Rxb6 19. Nxb6 Qxb6 20. Ra1 Be7 21. Bc4 h6 22. Kf1 Bg5 23. Bxg5 hxg5 24. Rg2 Be6 25. Be2 f6 26. Rd1 Ke7 27. Qe3 a5 28. b3 Bf7 29. Rd2 Qb7 30. Bd1 Qc7 31. Kg1 Ne6 32. Rgf2 Nf4 33. Rf1 Rc8 34. Kh1 Qb7 35. Rff2 Rc3 36. Qe1 d5 37. exd5 Bxd5 38. Qf1 Qc6 39. Kg1 e4 40. fxe4 Bxe4 41. Rxf4 gxf4 42. Qxf4 g5 43. Qf2 Kf7 44. Re2 Bf3 45. Rd2 Bxd1 46. Rxd1 Rxc2 47. Qa7+ Kg6 0-1


[Site "https://www.chess.com"]

[Event "Titled Tuesday Blitz April 19 Late 2022"]
[White "Wagner, Dinara"]
[Black "Kavyev, Ruslan"]
[WhiteFideId "24157570"]
[BlackFideId "34110981"]
[WhiteElo "2216"]
[BlackElo "2182"]
[Result "1-0"]
[Round "07"]
[TimeControl "180+1"]
[Date "2022.04.19"]
[WhiteClock "0:00:05"]
[BlackClock "0:00:05"]

1. d4 Nf6 2. c4 g6 3. Nf3 Bg7 4. g3 O-O 5. Bg2 c5 6. O-O cxd4 7. Nxd4 Nc6 8. Nc3 Ng4 9. Nc2 Bxc3 10. bxc3 d6 11. Nd4 Bd7 12. h3 Nge5 13. Bh6 Re8 14. c5 dxc5 15. Nb3 b6 16. f4 Nc4 17. Qd3 Nd6 18. Qf3 Nf5 19. Bg5 h6 20. g4 hxg5 21. gxf5 gxf5 22. fxg5 e6 23. Rad1 Qxg5 24. Rxd7 Ne5 25. Qb7 Nxd7 26. Qxd7 Rad8 27. Qb5 Kh7 28. Kh1 Rg8 29. Qc6 Qg3 30. Nc1 Rd5 31. Rg1 Rg6 32. Nd3 Rh6 33. Rf1 Rxh3+ 34. Bxh3 Qxh3+ 35. Kg1 Qg3+ 36. Kh1 Qh3+ 37. Kg1 f4 38. Nxf4 Rg5+ 39. Ng2 Qe3+ 40. Rf2 Qc1+ 41. Rf1 Qe3+ 42. Rf2 Qxc3 43. Rxf7+ Rg7 44. Qe4+ Kg8 45. Rf2 Qa1+ 46. Rf1 Qxa2 47. Rd1 Rf7 48. Rd8+ Kg7 49. Qg4+ Kf6 50. Qh4+ Ke5 51. Qg5+ Rf5 52. Qg7+ Ke4 53. Qg4+ Ke5 54. Qg3+ Kf6 55. Rf8+ Ke7 56. Qg7+ Kd6 57. Rd8+ Kc6 58. Qd7# 1-0


[Site "https://www.chess.com"]

[Event "Titled Tuesday Blitz April 19 Late 2022"]
[White "Dubov, Daniil"]
[Black "Zhao, Jun"]
[WhiteFideId "24126055"]
[BlackFideId "8602522"]
[WhiteElo "2791"]
[BlackElo "2547"]
[Result "1-0"]
[Round "07"]
[TimeControl "180+1"]
[Date "2022.04.19"]
[WhiteClock "0:00:22"]
[BlackClock "0:00:01"]

1. e4 e5 2. Nf3 Nc6 3. Bc4 Nf6 4. d3 Be7 5. O-O O-O 6. Nc3 d6 7. a3 Be6 8. Nd5 Bxd5 9. exd5 Nb8 10. d4 Nbd7 11. Re1 exd4 12. Nxd4 Re8 13. Bf4 Bf8 14. Rxe8 Qxe8 15. Qd2 Nb6 16. Bb5 Qe4 17. Bd3 Qxd5 18. Nb5 Qc6 19. Re1 a6 20. Nd4 Qd5 21. Nf5 Re8 22. Rxe8 Nxe8 23. Be3 g6 24. Bxb6 cxb6 25. Ne3 Qa2 26. c3 Bh6 27. g3 Qe6 28. f4 b5 29. Be2 Qe4 30. Kf2 Qb1 31. Bf3 Nf6 32. Bxb7 Bf8 33. Qc2 Qa1 34. Kg2 d5 35. Bxa6 Bc5 36. Nd1 d4 37. cxd4 Bxd4 38. Bxb5 Kg7 39. Bc4 Ng4 40. Kf3 Nxh2+ 41. Ke4 1-0


[Site "https://www.chess.com"]

[Event "Titled Tuesday Blitz April 19 Late 2022"]
[White "Ezat, Mohamed"]
[Black "Buchenau, Frank"]
[WhiteFideId "10600906"]
[BlackFideId "4604350"]
[WhiteElo "2386"]
[BlackElo "2193"]
[Result "1/2-1/2"]
[Round "07"]
[TimeControl "180+1"]
[Date "2022.04.19"]
[WhiteClock "0:00:05"]
[BlackClock "0:00:12"]

1. d4 e6 2. c4 Nf6 3. Nc3 Bb4 4. e3 O-O 5. a3 Bxc3+ 6. bxc3 Ne4 7. Bd3 f5 8. Ne2 b6 9. O-O Ba6 10. f3 Nd6 11. e4 Bxc4 12. Bxc4 Nxc4 13. Qd3 d5 14. Nf4 Qd7 15. a4 Nc6 16. Ba3 Rf7 17. Qe2 g5 18. Nd3 Rg7 19. Rfe1 h6 20. Ra2 Nxa3 21. Rxa3 Rf8 22. exd5 exd5 23. Qe6+ Kh7 24. Ra2 Re7 25. Qxd7 Rxd7 26. Re6 Rd6 27. Rxd6 cxd6 28. Re2 Kg6 29. Re6+ Rf6 30. Re8 Kf7 31. Rc8 Ne7 32. Rc7 a5 33. Rb7 Re6 34. Kf2 f4 35. Nc1 Re3 36. Ne2 Rd3 37. Rxb6 Ke6 38. Ra6 Nf5 39. Rxa5 Ne3 40. Ra8 Rd1 41. Re8+ Kd7 42. Rxe3 fxe3+ 43. Kxe3 Ra1 44. Ng3 Ke6 45. f4 Rxa4 46. fxg5 hxg5 47. Nf1 Ra3 48. Kd3 Ra2 49. Nd2 Kf5 50. h3 Kf4 51. c4 Ra3+ 52. Ke2 Kg3 53. cxd5 Kxg2 54. Ne4 Ra2+ 55. Ke3 Ra3+ 56. Ke2 Rxh3 57. Nxg5 Ra3 58. Ne4 Ra6 59. Ke3 Kh3 60. Kf4 Kg2 61. Kg4 Kf1 62. Kf5 Ke2 63. Ke6 Kd3 64. Nxd6 Kxd4 65. Ke7 Kxd5 66. Nf7 Re6+ 67. Kf8 Re4 68. Kg7 Rg4+ 69. Kf6 Rf4+ 70. Ke7 Re4+ 71. Kf6 Rf4+ 72. Ke7 Rf3 73. Ke8 Re3+ 74. Kf8 Re6 75. Kg7 Ke4 76. Ng5+ Kf5 77. Nxe6 1/2-1/2


[Site "https://www.chess.com"]

[Event "Titled Tuesday Blitz April 19 Late 2022"]
[White "Fedoseev, Vladimir"]
[Black "Paravyan, David"]
[WhiteFideId "24130737"]
[BlackFideId "4194985"]
[WhiteElo "2726"]
[BlackElo "2569"]
[Result "0-1"]
[Round "07"]
[TimeControl "180+1"]
[Date "2022.04.19"]
[WhiteClock "0:00:08"]
[BlackClock "0:00:03"]

1. f4 d5 2. Nf3 g6 3. g3 Bg7 4. Bg2 c5 5. O-O Nf6 6. d3 O-O 7. Qe1 Nc6 8. e4 dxe4 9. dxe4 Nd4 10. Na3 Nxf3+ 11. Bxf3 Bh3 12. e5 Ng4 13. Bxg4 Bxg4 14. Be3 Qc7 15. Qc3 Rac8 16. Nb5 Qb6 17. a4 Rfd8 18. Qb3 a6 19. Nc3 Qxb3 20. cxb3 f6 21. exf6 Bxf6 22. Rfc1 Rd3 23. Bf2 Bf3 24. Rc2 Kf7 25. Re1 c4 26. b4 Rcd8 27. Ne4 Bxe4 28. Rxe4 b5 29. axb5 axb5 30. Be1 R8d5 31. Bc3 Bxc3 32. bxc3 e5 33. fxe5 Ke6 34. Rh4 h5 35. Rf4 Rxe5 36. Rcf2 g5 37. Rf6+ Kd5 38. Rb6 Ke4 39. Re2+ Re3 40. Kf2 Rf5+ 41. Ke1 Rf3 42. Rxb5 Kd3 43. Rd5+ Kxc3 44. b5 Rxe2+ 45. Kxe2 Rf6 46. Rxg5 Kb2 47. Rxh5 c3 48. Rc5 c2 49. g4 Rf4 50. g5 Rf5 51. Rxf5 c1=Q 52. Kf3 Qg1 53. h4 Kc3 54. Kf4 Kd4 55. Rf6 Qg2 56. g6 Qe4+ 57. Kg5 Qe5+ 58. Rf5 Qg3+ 59. Kh5 Ke4 60. Rg5 Qf3+ 61. Kh6 Qf8+ 62. g7 Qg8 63. Kg6 Kf4 64. Rf5+ Kg4 65. Rf8 Qe6+ 66. Kh7 Kh5 67. g8=Q Qh6# 0-1


[Site "https://www.chess.com"]

[Event "Titled Tuesday Blitz April 19 Late 2022"]
[White "Fiedorek, Michal"]
[Black "Stanisz, Patryk"]
[WhiteFideId "1199528"]
[BlackFideId "1123106"]
[WhiteElo "1833"]
[BlackElo "1833"]
[Result "1-0"]
[Round "07"]
[TimeControl "180+1"]
[Date "2022.04.19"]
[WhiteClock "0:00:23"]
[BlackClock "0:00:03"]

1. Nf3 d5 2. b3 c6 3. Bb2 Bf5 4. d3 e6 5. Nbd2 h6 6. g3 Nf6 7. Bg2 Nbd7 8. O-O Be7 9. Re1 Bh7 10. c4 Qb6 11. Rc1 O-O 12. Qc2 a5 13. e4 Ng4 14. Nf1 Bc5 15. d4 Bxe4 16. Rxe4 dxe4 17. dxc5 Nxc5 18. Nd4 Nd3 19. c5 Qd8 20. Bxe4 Ngxf2 21. Bxd3 Nxd3 22. Qxd3 e5 23. Rc4 exd4 24. Rxd4 Qf6 25. Nd2 Rfe8 26. Ne4 Qf5 27. Qc3 f6 28. Qd3 a4 29. bxa4 Kh8 30. Bc3 Re5 31. Rd8+ Rxd8 32. Qxd8+ Kh7 33. Bxe5 Qxe4 34. Bd4 1-0


[Site "https://www.chess.com"]

[Event "Titled Tuesday Blitz April 19 Late 2022"]
[White "Foisor, Sabina-Francesca"]
[Black "Blackman, Justin"]
[WhiteFideId "1212915"]
[BlackFideId "11100516"]
[WhiteElo "2243"]
[BlackElo "2112"]
[Result "1-0"]
[Round "07"]
[TimeControl "180+1"]
[Date "2022.04.19"]
[WhiteClock "0:00:05"]
[BlackClock "0:00:01"]

1. d4 Nf6 2. c4 e6 3. Nf3 Bb4+ 4. Bd2 a5 5. g3 O-O 6. Bg2 Nc6 7. O-O d6 8. a3 Bxd2 9. Nbxd2 a4 10. Qc2 Bd7 11. Rfd1 Qe7 12. b4 axb3 13. Nxb3 e5 14. d5 Na5 15. c5 Ba4 16. Nfd2 dxc5 17. Rdb1 Nd7 18. Qc3 Nxb3 19. Nxb3 Rab8 20. Na5 Nb6 21. Rc1 c4 22. Nxc4 Nd7 23. h4 Rfc8 24. Rab1 e4 25. Rb4 b5 26. Na5 Qd6 27. Bxe4 Nf6 28. Bg2 Nxd5 29. Bxd5 Qxd5 30. Rd4 Qe6 31. Nc6 Rb6 32. Nb4 c5 33. Qxc5 Rbb8 34. Qg5 h6 35. Qd2 Rxc1+ 36. Qxc1 Qxe2 37. Qd2 Qf3 38. Qf4 Qb7 39. Qe4 Qc7 40. Kh2 Rf8 41. Nd5 Qa7 42. Qg4 Bb3 43. Nf6+ Kh8 44. Nh5 f5 45. Qf4 1-0


[Site "https://www.chess.com"]

[Event "Titled Tuesday Blitz April 19 Late 2022"]
[White "Hasangatin, Ramil"]
[Black "Timofeev, Artyom"]
[WhiteFideId "4122160"]
[BlackFideId "4140419"]
[WhiteElo "2375"]
[BlackElo "2594"]
[Result "0-1"]
[Round "07"]
[TimeControl "180+1"]
[Date "2022.04.19"]
[WhiteClock "0:00:07"]
[BlackClock "0:00:14"]

1. d4 Nf6 2. Nc3 d5 3. Bg5 Nbd7 4. Nf3 g6 5. e3 Bg7 6. Be2 O-O 7. O-O c6 8. h3 a5 9. a4 Qb6 10. Rb1 Re8 11. Bf4 Nf8 12. Bd3 Ne6 13. Be5 Nc7 14. Re1 Na6 15. Na2 Bd7 16. c3 c5 17. Nc1 Rac8 18. Ne2 Bc6 19. Nf4 Nb8 20. Ne2 Nbd7 21. Bh2 Red8 22. Ne5 Ne4 23. Nxc6 bxc6 24. Qc2 Nef6 25. c4 cxd4 26. exd4 dxc4 27. Bxc4 Nd5 28. b3 e6 29. Rbd1 Nb4 30. Qe4 Nf6 31. Qh4 Nfd5 32. Be5 Re8 33. Rf1 Qd8 34. Qg3 Qe7 35. Nc3 Nxc3 36. Qxc3 Red8 37. Rfe1 Bxe5 38. dxe5 c5 39. Bb5 Rd5 40. Rxd5 exd5 41. e6 fxe6 42. Qe5 c4 43. bxc4 dxc4 44. Qe4 c3 45. Bc4 Kg7 46. Bxe6 Rf8 47. Qd4+ Qf6 48. Qa7+ Kh8 49. Bb3 Nd3 50. Re2 Nc1 51. Rc2 Nxb3 0-1


[Site "https://www.chess.com"]

[Event "Titled Tuesday Blitz April 19 Late 2022"]
[White "Hoffmann, Asa"]
[Black "Koutlas, Nikolaos"]
[WhiteFideId "2001470"]
[BlackFideId "25827138"]
[WhiteElo "2117"]
[BlackElo "1645"]
[Result "1/2-1/2"]
[Round "07"]
[TimeControl "180+1"]
[Date "2022.04.19"]
[WhiteClock "0:00:02"]
[BlackClock "0:00:04"]

1. d4 Nf6 2. Bg5 e6 3. Nd2 d5 4. e3 h6 5. Bh4 c5 6. c3 Nc6 7. f4 Qb6 8. Rb1 cxd4 9. exd4 Bd7 10. Bd3 Bd6 11. Bg3 Ne7 12. Ngf3 Bb5 13. Qe2 Bxd3 14. Qxd3 Nf5 15. Ne5 Nxg3 16. Qxg3 O-O 17. O-O a5 18. f5 Rae8 19. Kh1 exf5 20. Rxf5 Ne4 21. Nxe4 dxe4 22. Nc4 Bxg3 23. Nxb6 g6 24. Rd5 Bf2 25. g3 Re6 26. Nd7 Rfe8 27. Ne5 Be3 28. Re1 Bd2 29. Re2 e3 30. Kg2 g5 31. Rxa5 f6 32. Nf3 Bc1 33. d5 Re4 34. Rb5 g4 35. Nd4 h5 36. d6 h4 37. gxh4 Rf4 38. Rd5 Kf7 39. d7 Rd8 40. h5 g3 41. hxg3 Rg4 42. Kf3 Rg5 43. Rxg5 fxg5 44. Nf5 Rxd7 45. Nxe3 Rd3 46. Ke4 Rd7 47. g4 Bxe3 48. Rxe3 Rd2 49. Rd3 Rxb2 50. Kf5 Rb5+ 51. Ke4 Ra5 52. Rd7+ Ke6 53. Rxb7 Rxa2 54. Rb6+ Kf7 55. h6 Ra4+ 56. Kd5 Ra5+ 57. Kd4 Ra4+ 58. c4 Ra1 59. c5 Rg1 60. c6 Rxg4+ 61. Kd5 Rg1 62. Kd6 Rd1+ 63. Kc7 Kg6 64. Rb5 Kxh6 65. Kb7 Rc1 66. c7 Kh5 67. c8=Q Rxc8 68. Kxc8 Kh4 69. Kd7 g4 70. Ke6 g3 71. Kf5 g2 72. Rb1 Kg3 73. Ke4 Kf2 74. Rb2+ Kg3 75. Rb1 Kf2 76. Rc1 g1=Q 77. Rxg1 Kxg1 1/2-1/2


[Site "https://www.chess.com"]

[Event "Titled Tuesday Blitz April 19 Late 2022"]
[White "Holt, Conrad"]
[Black "Wieczorek, Oskar"]
[WhiteFideId "2034387"]
[BlackFideId "1133950"]
[WhiteElo "2586"]
[BlackElo "2319"]
[Result "1-0"]
[Round "07"]
[TimeControl "180+1"]
[Date "2022.04.19"]
[WhiteClock "0:01:11"]
[BlackClock "0:00:20"]

1. d4 Nf6 2. c4 c5 3. d5 b5 4. Nf3 Bb7 5. a4 bxc4 6. Nc3 e6 7. e4 exd5 8. e5 Ne4 9. Nxe4 dxe4 10. Ng5 Be7 11. Nxf7 Kxf7 12. Bxc4+ Ke8 13. O-O d5 14. exd6 Qxd6 15. Qb3 Qb6 16. Qg3 Bf6 17. Ra3 Nc6 18. Rb3 Nb4 19. Be3 Rd8 20. Bb5+ Nc6 21. Rc1 Rd5 22. Bc4 Re5 1-0


[Site "https://www.chess.com"]

[Event "Titled Tuesday Blitz April 19 Late 2022"]
[White "Ibarra Jerez, Jose Carlos"]
[Black "Caruana, Fabiano"]
[WhiteFideId "2226332"]
[BlackFideId "2020009"]
[WhiteElo "2626"]
[BlackElo "2744"]
[Result "1/2-1/2"]
[Round "07"]
[TimeControl "180+1"]
[Date "2022.04.19"]
[WhiteClock "0:00:08"]
[BlackClock "0:00:07"]

1. e4 e5 2. Nf3 Nc6 3. d4 exd4 4. Nxd4 Nf6 5. Nxc6 bxc6 6. Bd3 d5 7. exd5 cxd5 8. O-O Be7 9. c4 O-O 10. cxd5 Nxd5 11. Qf3 c6 12. Rd1 Bf6 13. Nc3 Be6 14. Be4 Bxc3 15. bxc3 Qh4 16. Rd4 Qe7 17. c4 Nb4 18. Ba3 Rad8 19. Rxd8 Rxd8 20. h3 c5 21. Bb2 f6 22. a3 Na6 23. Re1 Qf7 24. Bxh7+ Kxh7 25. Qe4+ Kg8 26. Qxe6 Qxe6 27. Rxe6 Nb8 28. Re2 Kf7 29. Bc3 Rd3 30. Re3 Rxe3 31. fxe3 Nd7 32. Kf2 Nb6 33. e4 Nxc4 34. a4 Ke6 35. Kf3 Nb6 36. a5 Na4 37. Ba1 a6 38. Ke3 Kd6 39. Kd3 c4+ 40. Kxc4 Nc5 41. e5+ Kc6 42. exf6 gxf6 43. Bxf6 Nb7 44. Bc3 Nd6+ 45. Kd3 Kd5 46. g4 Ne4 47. Be1 Nc5+ 48. Ke3 Ne6 49. h4 Nd4 50. Kf4 Ne2+ 51. Kg5 Nd4 52. Bf2 Nc6 53. Bb6 Ke6 54. h5 Ne5 55. h6 Kf7 56. Kf5 Ng6 57. g5 Ne7+ 58. Ke5 Kg6 59. Be3 Nc6+ 60. Ke6 Nxa5 61. h7 Kg7 62. h8=Q+ Kxh8 63. Kf7 Nc6 64. Bf4 Nd8+ 65. Kf6 Kg8 66. g6 Nc6 67. Bd6 a5 68. Ke6 Nd4+ 69. Kd5 Nb5 70. Bc5 a4 71. Kc4 Nc7 72. Kb4 Na6+ 73. Kxa4 Nxc5+ 74. Kb5 Kg7 75. Kc4 Kxg6 1/2-1/2


[Site "https://www.chess.com"]

[Event "Titled Tuesday Blitz April 19 Late 2022"]
[White "Indjic, Aleksandar"]
[Black "Wagner, Dennis"]
[WhiteFideId "911925"]
[BlackFideId "24650684"]
[WhiteElo "2616"]
[BlackElo "2355"]
[Result "1-0"]
[Round "07"]
[TimeControl "180+1"]
[Date "2022.04.19"]
[WhiteClock "0:00:12"]
[BlackClock "0:00:02"]

1. d4 Nf6 2. c4 e6 3. Nc3 Bb4 4. f3 c5 5. a3 Bxc3+ 6. bxc3 d6 7. e4 Nc6 8. Be3 O-O 9. Bd3 b6 10. Ne2 Ba6 11. Ng3 Na5 12. Qe2 Rc8 13. d5 exd5 14. cxd5 Bxd3 15. Qxd3 c4 16. Qe2 Nb3 17. Rd1 Nd7 18. O-O Ne5 19. f4 Nd3 20. Qg4 Qf6 21. e5 Qg6 22. Qh4 f5 23. e6 Qe8 24. Nh5 Rc7 25. g4 fxg4 26. f5 Ne5 27. Kh1 Qa8 28. f6 gxf6 29. Nxf6+ Kh8 30. Bh6 Rfc8 31. Ne4 Nc5 32. Qf6+ Kg8 33. e7 Ng6 34. Qg7# 1-0


[Site "https://www.chess.com"]

[Event "Titled Tuesday Blitz April 19 Late 2022"]
[White "Isajevsky, Anton"]
[Black "Ivanisevic, Ivan"]
[WhiteFideId "4142500"]
[BlackFideId "912417"]
[WhiteElo "2510"]
[BlackElo "2495"]
[Result "0-1"]
[Round "07"]
[TimeControl "180+1"]
[Date "2022.04.19"]
[WhiteClock "0:00:03"]
[BlackClock "0:00:35"]

1. c4 e5 2. g3 Nc6 3. Bg2 f5 4. Nc3 Nf6 5. d3 Bb4 6. Bd2 Bxc3 7. Bxc3 d6 8. d4 Ne4 9. Bxe4 fxe4 10. dxe5 dxe5 11. Qxd8+ Kxd8 12. f3 Bf5 13. fxe4 Bxe4 14. Nf3 Kc8 15. Rf1 Re8 16. O-O-O Bg6 17. Nh4 Bh5 18. Kd2 a5 19. Nf5 Rg8 20. Ke3 Bg4 21. Nh4 Ra6 22. Nf3 Re8 23. Ng5 h6 24. h3 Bh5 25. g4 Bg6 26. Ne4 Nd4 27. h4 Nc2+ 28. Kd3 Nb4+ 29. Ke3 Nxa2 30. h5 Bxe4 31. Kxe4 Nxc3+ 32. bxc3 Rc6 0-1


[Site "https://www.chess.com"]

[Event "Titled Tuesday Blitz April 19 Late 2022"]
[White "Jacobson, Brandon"]
[Black "Svane, Rasmus"]
[WhiteFideId "30901561"]
[BlackFideId "4657101"]
[WhiteElo "2362"]
[BlackElo "2645"]
[Result "1-0"]
[Round "07"]
[TimeControl "180+1"]
[Date "2022.04.19"]
[WhiteClock "0:01:04"]
[BlackClock "0:00:01"]

1. Nf3 d5 2. c4 e6 3. e3 Nf6 4. Nc3 dxc4 5. Bxc4 a6 6. d4 b5 7. Bb3 Bb7 8. O-O Nbd7 9. e4 Nxe4 10. Nxe4 Bxe4 11. Re1 Nf6 12. Bg5 Be7 13. Bxf6 Bxf3 14. Qxf3 Bxf6 15. Qc6+ Kf8 16. d5 e5 17. Rac1 Be7 18. f4 exf4 19. Rxe7 Kxe7 20. Re1+ Kf8 21. d6 g6 22. Re7 Qxe7 23. dxe7+ Kxe7 24. Qxc7+ Kf6 25. Qxf7+ Kg5 26. h4+ Kg4 27. Qf6 h6 28. Be6+ Kg3 29. Qxg6+ Kxh4 30. Qg4# 1-0


[Site "https://www.chess.com"]